 Dungeon Crawl Stone Soup version 0.29-a0-821-g66395355a5 (webtiles) character file.

Game seed: 16433511961308962682

151 zeratav the Stinger (level 5, 0/31 HPs)
             Began as an Octopode Venom Mage on July 8, 2022.
             Succumbed to an adder's poison
             ... on level 2 of the Dungeon.
             The game lasted 00:02:39 (2491 turns).

zeratav the Stinger (Octopode Venom Mage)           Turns: 2491, Time: 00:02:40

Health: 0/31       AC:  1    Str:  7    XL:     5   Next: 33%
Magic:  1/8        EV: 13    Int: 20    God:
Gold:   87         SH:  0    Dex: 12    Spells: 5/8 levels left

rFire   . . .      SeeInvis .   c - +0 dagger {short}
rCold   . . .      Faith    .   (no shield)
rNeg    + . .      Spirit   .   (helmet restricted)
rPois   .          Reflect  .   (no amulet)
rElec   .          Harm     .   l - ring of positive energy
rCorr   .          Rampage  .   (no ring)
Will    .....                   (no ring)
Stlth   ++++......              (no ring)
HPRegen 0.10/turn               (no ring)
MPRegen 0.11/turn               (no ring)
                                (no ring)
                                (no ring)

@: lethally poisoned (0 -> -1), flying, very slightly contaminated
A: almost no armour, amphibious, 8 rings, camouflage 1, gelatinous body 1,
(nimble swimmer 1), tentacles, tentacle spike 1, deterioration 1
a: no special abilities


You were on level 2 of the Dungeon.
You visited 1 branch of the dungeon, and saw 2 of its levels.

You collected 87 gold pieces.


Innate Abilities, Weirdness & Mutations

You cannot wear most types of armour.
You are amphibious.
You can wear up to eight rings at the same time.
Your skin changes colour to match your surroundings (Stealth+).
Your rubbery body absorbs attacks. (AC +1, EV +1)
((You are camouflaged when in or above water. (Stealth+)))
You have tentacles for arms and can constrict up to eight enemies at once.
One of your tentacles bears a spike.
Your body sometimes deteriorates upon taking damage.


   Skills:
 - Level 2.0 Dodging
 - Level 5.0 Stealth
 - Level 2.0 Spellcasting
 - Level 1.0 Transmutations
 + Level 6.1 Poison Magic


You had 5 spell levels left.
You knew the following spells:

 Your Spells              Type           Power      Damage    Failure   Level
a - Sting                 Tmut/Pois      64%        1d6       3%          1
b - Poisonous Vapours     Pois/Air       28%        N/A       7%          2

Your spell library contained the following spells:

 Spells                   Type           Power      Damage    Failure   Level
 Olgreb's Toxic Radiance  Pois           26%        N/A       13%         4
 Mephitic Cloud           Conj/Pois/Air  10%        N/A       21%         3

Inventory:

Hand Weapons
 c - a +0 dagger (weapon) {short}
   (You took it off a goblin on level 1 of the Dungeon)
Jewellery
 l - a ring of positive energy (left tentacle)
   (You found it on level 2 of the Dungeon)
Scrolls
 b - a scroll of teleportation {unknown}
 g - 4 scrolls of amnesia {unknown}
 j - a scroll of immolation {unknown}
Potions
 a - a potion of magic
 d - 2 potions of flight
 e - a potion of lignification {unknown}
 f - a potion of resistance
 h - a potion of heal wounds {unknown}
 i - a potion of mutation {!q}
 k - a potion of brilliance {unknown}
 m - a potion of invisibility {unknown}

Dungeon Overview and Level Annotations

Branches:
Dungeon (2/15) Zot: 9510

Altars:

....S.....#.........####...
##...####h#.....###...#...#
##. ####.#...........#....
... ..#.###########...###
.#.. #.#S# ##.##
#....##.#.# #...#
#......#### #...#
####.####.## #...###
#..†@...# #......
######.########...#..
#.###...........
#...............
#).##...........
#..#######...#.. ....#
#...... ###### #...###
#...#


There were no monsters in sight!


Message History

Natasha, Servant of Life and Death comes into view.
She is carrying a wand of flame (19).
Casting: Sting (safe; 4% risk of failure)
Confirm with . or Enter, or press ? or * to list all spells.
Aiming: Poisonous Vapours (safe; 8% risk of failure)
Press: ? - help, Dir - move target, f - Natasha
Aim: Natasha, carrying a wand of flame (19) (wandering, hasn't noticed you) Poisonous vapours surround Natasha!
Natasha is poisoned.
Natasha hisses angrily.
Natasha hisses.
Natasha zaps a wand.
The puff of flame hits you!
HP[-9] MP[-2]
You take 9 damage, and now have 22/31 hp.
MASSIVE DAMAGE!! (PAUSE)
You lost 2 mp, and now have 6/8 mp.
Casting: Poisonous Vapours (safe; 8% risk of failure)
Confirm with . or Enter, or press ? or * to list all spells.
Aiming: Poisonous Vapours (safe; 8% risk of failure)
Press: ? - help, Dir - move target, f/p - Natasha
Aim: Natasha, carrying a wand of flame (18) (poisoned) Poisonous vapours surround Natasha!
Natasha looks even sicker.
Natasha zaps a wand.
The puff of flame hits you.
HP[-6] MP[-2]
You take 6 damage, and now have 16/31 hp.
You lost 2 mp, and now have 4/8 mp.
Casting: Poisonous Vapours (safe; 8% risk of failure)
Confirm with . or Enter, or press ? or * to list all spells.
Aiming: Poisonous Vapours (safe; 8% risk of failure)
Press: ? - help, Dir - move target, f/p - Natasha
Aim: Natasha, carrying a wand of flame (17) (very poisoned) Poisonous vapours surround Natasha!
Natasha looks even sicker.
An adder comes into view.
MP[-2]
You lost 2 mp, and now have 2/8 mp.
Natasha zaps a wand.
The puff of flame hits you!
* * * LOW HITPOINT WARNING * * *
HP[-8]
You take 8 damage, and now have 8/31 hp.
MASSIVE DAMAGE!! (PAUSE)
Casting: Poisonous Vapours (safe; 8% risk of failure)
Confirm with . or Enter, or press ? or * to list all spells.
Aiming: Poisonous Vapours (safe; 8% risk of failure)
Press: ? - help, Dir - move target, f/p - Natasha
Aim: Natasha, carrying a wand of flame (16) (very poisoned) Poisonous vapours surround Natasha!
Natasha looks as sick as possible!
The adder hisses angrily.
MP[-2]
You lost 2 mp, and now have 0/8 mp.
HP[+1] MP[+1]
You feel a bit more experienced.
Your Poison Magic skill increases to level 6!
Casting: Poisonous Vapours (safe; 7% risk of failure)
Confirm with . or Enter, or press ? or * to list all spells.
You don't have enough magic to cast this spell.
Casting: Poisonous Vapours (safe; 7% risk of failure)
Confirm with . or Enter, or press ? or * to list all spells.
Aiming: Sting (safe; 3% risk of failure)
Press: ? - help, Shift-Dir - straight line, f - adder
Aim: an adder (57% to hit)
You miscast Sting.
You are very lightly contaminated with residual magic.
Nothing appears to happen.
MP[-1]
You lost 1 mp, and now have 0/8 mp.
You barely miss the adder. You grab the adder.
You constrict the adder, but do no damage.
The adder bites you.
* * * LOW HITPOINT WARNING * * *
You are poisoned.
The adder poisons you!
HP[-1]
You take 1 damage, and now have 8/31 hp.
You hit the adder. You squeeze the adder. You constrict the adder.
You feel sick. The adder misses you. The adder bites you.
* * * LOW HITPOINT WARNING * * *
HP[-3] MP[+1]
You take 3 damage, and now have 5/31 hp.
You hit the adder. You constrict the adder.
You feel sick. The adder bites you.
* * * LOW HITPOINT WARNING * * *
HP[-2]
You take 2 damage, and now have 3/31 hp.
You hit the adder. You squeeze the adder.
You kill the adder!
* * * LOW HITPOINT WARNING * * *
You feel sick.
HP[-1]
You take 1 damage, and now have 2/31 hp.
It was a potion of flight.
You feel very buoyant.
You fly up into the air.
* * * LOW HITPOINT WARNING * * *
You feel sick.
HP[-1]
You take 1 damage, and now have 1/31 hp.
It was a potion of mutation.
You feel extremely strange.
You feel yourself wasting away.
One of your lower tentacles grows a sharp spike.
You die...

Skill      XL: |  1  2  3  4  5 |
---------------+----------------+-----
Stealth        | 3 4 5 |  5.0
Poison Magic   | 4 5 6 |  6.1
Dodging        | |  2.0
Spellcasting   | |  2.0
Transmutations | |  1.0

Action                   |  1- 3 |  4- 6 || total
-------------------------+-------+-------++-------
Melee: Dagger            |    37 |    19 ||    56
       Constrict         |    11 |     2 ||    13
       Unarmed           |     3 |       ||     3
       Tentacles         |     7 |     6 ||    13
       Punch             |     1 |       ||     1
 Cast: Sting             |    18 |     1 ||    19
       Poisonous Vapours |     9 |     9 ||    18
  Use: Potion            |       |     2 ||     2
 Stab: Sleeping          |     4 |     6 ||    10
Armor: Skin              |     6 |     1 ||     7
Dodge: Dodged            |    32 |     8 ||    40

Levels and vault maps discovered:
D:1:      minmay_arrival_solitary_statue, layout_loops_corners,
          basic_ecumenical_altar
D:2:      layout_loops_cross, uniq_natasha

Notes
Turn   | Place    | Note
-------+----------+-------------------------------------------
     0 | D:1      | zeratav the Octopode Venom Mage began the quest for the
                  | Orb.
     0 | D:1      | Reached XP level 1. HP: 11/11 MP: 3/3
     0 | D:1      | magus.rc [v1.9.6]
    59 | D:1      | Found a faded altar of an unknown god.
   136 | D:1      | Reached skill level 3 in Stealth
   285 | D:1      | Reached XP level 2. HP: 8/17 MP: 1/5
   471 | D:1      | Reached skill level 4 in Poison Magic
   903 | D:1      | Learned a level 2 spell: Poisonous Vapours
  1384 | D:2      | Reached XP level 3. HP: 12/21 MP: 6/6
  1516 | D:2      | Reached skill level 4 in Stealth
  1562 | D:2      | Noticed Natasha
  1574 | D:2      | Killed Natasha
  1693 | D:2      | Noticed Natasha
  1701 | D:2      | HP: 4/21 [Natasha/magic dart (7)]
  1702 | D:2      | Killed Natasha
  1703 | D:2      | Reached skill level 5 in Poison Magic
  1703 | D:2      | Reached XP level 4. HP: 5/27 MP: 2/7
  2037 | D:2      | Reached skill level 5 in Stealth
  2416 | D:2      | Reached XP level 5. HP: 31/31 MP: 8/8
  2469 | D:2      | Noticed Natasha
  2482 | D:2      | Killed Natasha
  2483 | D:2      | Reached skill level 6 in Poison Magic
  2487 | D:2      | HP: 7/31 [poisoned by an adder]
  2488 | D:2      | HP: 3/31 [adder (2)]
  2490 | D:2      | HP: 1/31 [poisoned by an adder]
  2491 | D:2      | Gained mutation: Your body sometimes deteriorates upon
                  | taking damage. [potion of mutation]
  2491 | D:2      | Gained mutation: One of your tentacles bears a spike.
                  | [potion of mutation]
  2491 | D:2      | Succumbed to an adder's poison

Vanquished Creatures
  Natasha (thrice) (D:2)
  4 adders (D:2)
  A worm (D:2)
  A dart slug (D:1)
  3 endoplasms
  2 giant cockroaches
  4 goblins
  3 hobgoblins
  A quokka (D:2)
  3 ball pythons
  5 bats
  4 frilled lizards (D:1)
  2 kobolds
  4 rats
40 creatures vanquished.

Table legend:
 A = Non-vault XP
 B = Vault XP
 C = Vault XP percentage of total XP
 D = Non-vault monster count
 E = Vault monster count
 F = Vault count percentage of total count
                 A         B        C        D         E       F
            +---------+---------+-------+---------+---------+-------
      Total |     182 |      35 |  16.1 |      39 |       1 |   2.5
            +---------+---------+-------+---------+---------+-------
        D:1 |      33 |       0 |   0.0 |      21 |       0 |   0.0
        D:2 |     149 |      35 |  19.0 |      18 |       1 |   5.3
            +---------+---------+-------+---------+---------+-------

Illustrated notes

Table legend:
 A = Kills in this place as a percentage of kills in entire the game.
 B = Kills by you in this place as a percentage of kills by you in the entire game.
 C = Kills by friends in this place as a percentage of kills by friends in the entire game.
 D = Other kills in this place as a percentage of other kills in the entire game.
 E = Experience gained in this place as a percentage of experience gained in the entire game.
 F = Experience gained in this place divided by the number of levels of this place that you have seen.
                   A       B       C       D       E      F
               +-------+-------+-------+-------+-------+----------------------
         Total | 100.0 | 100.0 |   N/A |   N/A | 100.0 | 108.5
       Dungeon | 100.0 | 100.0 |   N/A |   N/A | 100.0 | 108.5
               +-------+-------+-------+-------+-------+----------------------

Table legend: (Time is in decaauts)
 A = Elapsed time spent in this place.
 B = Non-inter-level travel time spent in this place.
 C = Inter-level travel time spent in this place.
 D = Time resting spent in this place.
 E = Time spent auto-exploring this place.
 F = Levels seen in this place.
 G = Mean time per level.
                   A        B        C        D        E       F      G
               +--------+--------+--------+--------+--------+-----+--------+
         Total |   2489 |   2442 |     47 |    511 |   1648 |   2 | 1244.5 |
       Dungeon |   2489 |   2442 |     47 |    511 |   1648 |   2 | 1244.5 |
               +--------+--------+--------+--------+--------+-----+--------+

Top non-repeatable levels by time:
     D:1: 1343 daAuts
     D:2: 1146 daAuts
